 Dungeon Crawl Stone Soup version 0.23.1 (webtiles) character file.

Game seed: 7025698701943256050

1927 dhn the Cleaver (level 8, -2/70 HPs)
             Began as a Minotaur Fighter on Mar 8, 2019.
             Shot with a bolt by an orc warlord (13 damage)
             ... in a bailey.
             The game lasted 00:11:08 (4809 turns).

dhn the Cleaver (Minotaur Fighter)                  Turns: 4809, Time: 00:11:09

Health: -2/70      AC: 11    Str: 21    XL:     8   Next: 96%
Magic:  7/7        EV:  9    Int:  6    God:
Gold:   171        SH: 10    Dex: 11    Spells: 7/7 levels left

rFire    . . .     SeeInvis .   a - +1 war axe
rCold    . . .     Gourm    .   c - +0 shield
rNeg     . . .     Faith    .   b - +0 scale mail
rPois    .         Spirit   .   (helmet restricted)
rElec    .         Reflect  .   m - +0 cloak
rCorr    .         Harm     .   (no gloves)
MR       .....                  t - +1 pair of boots
Stlth    ..........             (no amulet)
HPRegen  0.21/turn              (no ring)
MPRegen  0.10/turn              (no ring)

@: no status effects
A: retaliatory headbutt, horns 2
a: no special abilities


You were in a bailey.
You were hungry.

You visited 1 branch of the dungeon, and saw 7 of its levels.
You also visited: Bailey.

You collected 204 gold pieces.
You spent 33 gold pieces at shops.

Inventory:

Hand Weapons
 a - a +1 war axe (weapon)
Armour
 b - a +0 scale mail (worn)
 c - a +0 shield (worn)
 m - a +0 cloak (worn)
 t - a +1 pair of boots (worn)
 y - a +0 buckler
Jewellery
 h - an uncursed ring of wizardry {unknown}
 v - a +5 ring of dexterity {unknown}
 B - an uncursed ring of protection from cold {unknown}
Scrolls
 g - 2 scrolls of enchant armour
 k - 3 scrolls of remove curse
 n - 2 scrolls of enchant weapon
 p - 4 scrolls of blinking
 r - a scroll of teleportation
 u - a scroll of magic mapping
 z - a scroll of identify
 A - a scroll of random uselessness
Potions
 d - 4 potions of might
 i - 2 potions of resistance {unknown}
 j - 2 potions of brilliance
 l - 3 potions of lignification
 o - 2 potions of curing
 q - a potion of heal wounds {unknown}
 s - a potion of ambrosia {unknown}
 w - a potion of magic {unknown}
 x - a potion of flight {unknown}
Comestibles
 f - 11 rations


   Skills:
 + Level 6.1 Fighting
 + Level 9.4 Axes
 + Level 7.0 Armour
 + Level 2.9 Dodging
 + Level 1.0 Stealth
 + Level 6.9 Shields


You had 7 spell levels left.
You didn't know any spells.
Your spell library contained the following spells:

 Spells                   Type           Power        Failure   Level  Hunger
 Magic Dart               Conj           #...         98%         1    ##.....
 Blink                    Tloc           N/A          99%         2    ###....
 Call Imp                 Summ           #.......     99%         2    ###....
 Slow                     Hex            #.......     99%         2    ###....
 Conjure Flame            Conj/Fire      #.......     100%        3    ####...
 Mephitic Cloud           Conj/Pois/Air  #.......     100%        3    ####...


Dungeon Overview and Level Annotations

Branches:
Dungeon (7/15)             Temple (0/1) D:4

Altars:
Ashenzari
Trog
Xom
The Shining One

Shops:
D:4 *(!%*


Innate Abilities, Weirdness & Mutations

You reflexively headbutt those who attack you in melee.
You have a pair of horns on your head.


Message History

The orc warlord shoots a bolt.
The bolt barely misses you.
The orc warrior no longer looks unusually strong.
The orc warlord roars a battlecry!
The orc warriors go into a battle-frenzy!
The orc warlord shoots a bolt.
The bolt hits you!!
* * * LOW HITPOINT WARNING * * *
Things that are here:
a bolt; a +0 war axe; a +0 leather armour
There is an open door, spattered with blood here.
Items here: )))))))) [[[[[[[[ You feel better.
The orc warrior hits you with a +0 broad axe!!
* * * LOW HITPOINT WARNING * * *
Unknown command.
Items here: )) [[ a +0 war axe; a +0 chain mail; a +0 battleaxe; a +0 plate armour
There is a fountain of clear blue water here.
The orc warrior's inner flame fades away.
The orc warlord shoots a bolt.
The bolt hits you!
You die...

......# ..).).#8o(........#
......# ....) #8..........#
.....### .... ###.....(...##
...###.###
%..###.###(....###
.#'#.....###.###.....#o#.###
##.........###.......o.###
#...........#...........#
#...........#......o....#
#.....⌠....)#)..@.o.....#
#...........))..........#
#...........#)..........#
##.........###.........##
###.....### ###.....###
###.### ###.### ### ###


You could see an orc warlord (inner flame) and 3 orc warriors.

Vanquished Creatures
  A black bear (D:7)
  11 orc warriors
  A sky beast (D:7)
  A bullfrog (D:6)
  2 howler monkeys
  4 hounds
  Jessica (D:2)
  2 worker ants
  12 gnolls
  A worker ant zombie (D:3)
  4 adders
  2 oozes
  An adder skeleton (D:3)
  3 worms
  3 dart slugs
  3 leopard geckos
  29 orcs
  2 ball pythons
  9 bats
  8 giant cockroaches
  21 hobgoblins
  8 jackals
  7 kobolds
  3 quokkas
  3 frilled lizards
  28 goblins
  9 rats
179 creatures vanquished.

Vanquished Creatures (others)
  A hobgoblin (D:1)
1 creature vanquished.

Grand Total: 180 creatures vanquished

Notes
Turn   | Place    | Note
-------+----------+-------------------------------------------
     0 | D:1      | dhn the Minotaur Fighter began the quest for the Orb.
     0 | D:1      | Reached XP level 1. HP: 19/19 MP: 0/0
   143 | D:1      | Reached XP level 2. HP: 27/27 MP: 1/1
  1014 | D:2      | Reached skill level 3 in Axes
  1014 | D:2      | Reached XP level 3. HP: 6/33 MP: 2/2
  1317 | D:2      | Noticed Jessica
  1327 | D:2      | Killed Jessica
  1327 | D:2      | Reached XP level 4. HP: 23/40 MP: 3/3
  1475 | D:2      | Found a shimmering altar of Xom.
  1479 | D:2      | Reached skill level 4 in Axes
  1655 | D:2      | Found a shattered altar of Ashenzari.
  2056 | D:3      | Reached XP level 5. HP: 44/47 MP: 4/4
  2225 | D:3      | Found a glowing golden altar of the Shining One.
  2704 | D:4      | Found Rurphist's General Store.
  2720 | D:4      | Found a bloodstained altar of Trog.
  2731 | D:4      | Found Velyum's Food Boutique.
  2813 | D:4      | Reached skill level 5 in Axes
  2813 | D:4      | Reached skill level 1 in Dodging
  3091 | D:4      | Found a staircase to the Ecumenical Temple.
  3146 | D:4      | Found Uchenyce's Antique Weapon Shoppe.
  3156 | D:4      | Reached XP level 6. HP: 49/55 MP: 5/5
  3204 | D:4      | Found Toskud's Distillery.
  3208 | D:4      | Bought a potion of curing for 33 gold pieces
  3308 | D:4      | Found Qenniho's General Store.
  3477 | D:4      | You fall through a shaft for 3 floors!
  3477 | D:7      | Noticed an orc warrior
  3496 | D:6      | Killed an orc warrior
  3496 | D:6      | Reached skill level 5 in Fighting
  3496 | D:6      | Reached skill level 5 in Armour
  3509 | D:6      | Reached skill level 6 in Axes
  3520 | D:7      | Reached XP level 7. HP: 38/61 MP: 6/6
  3585 | D:7      | Reached skill level 5 in Shields
  3760 | D:5      | Entered Level 5 of the Dungeon
  3883 | D:7      | Noticed a hungry ghost
  3900 | D:7      | Found a flagged portal.
  3906 | Bailey   | Entered a bailey
  4005 | Bailey   | Reached skill level 7 in Axes
  4005 | Bailey   | Reached XP level 8. HP: 17/69 MP: 7/7
  4322 | Bailey   | Reached skill level 8 in Axes
  4782 | Bailey   | Noticed an orc warlord
  4785 | Bailey   | Reached skill level 9 in Axes
  4785 | Bailey   | Reached skill level 1 in Stealth
  4809 | Bailey   | Shot with a bolt by an orc warlord

Skill      XL: |  1  2  3  4  5  6  7  8 |
---------------+-------------------------+-----
Fighting       | 4 5 6 |  6.1
Armour         | 4 5 6 7 |  7.0
Axes           | 3 4 5 6 7 9 |  9.4
Shields        | 4 6 |  6.9
Dodging        | 1 2 |  2.9
Stealth        | 1 |  1.0

Action                   |  1- 3 |  4- 6 |  7- 9 || total
-------------------------+-------+-------+-------++-------
Melee: War axe           |    58 |   177 |   151 ||   386
       Headbutt          |     5 |    16 |    34 ||    55
  Use: Potion            |     1 |     1 |     3 ||     5
       Scroll            |       |       |    11 ||    11
  Eat: Chunk             |     1 |     8 |       ||     9
       Ration            |       |       |     1 ||     1
Armor: Scale mail        |    31 |    83 |    60 ||   174
Dodge: Dodged            |    26 |    65 |    71 ||   162
Block: Shield            |    27 |    91 |   106 ||   224
